 Dungeon Crawl Stone Soup version 0.19-a0-1886-gd64a0f0 (webtiles) character file.

64 dobroeutro the Cudgeler (level 4, -2/28 HPs)
             Began as a Gargoyle Fighter on Oct 16, 2016.
             Killed from afar by a white imp (4 damage)
             ... with a puff of frost
             ... summoned by Natasha
             ... on level 2 of the Dungeon.
             The game lasted 00:01:17 (1202 turns).

dobroeutro the Cudgeler (Gargoyle Fighter)          Turns: 1202, Time: 00:01:18

Health: -2/28      AC: 11    Str: 21    XL:     4   Next: 12%
Magic:  4/4        EV:  7    Int:  8    God:
Gold:   45         SH:  9    Dex:  9    Spells: 0 memorised, 3 levels left

rFire  . . .     SeeInvis .     a - +0 flail
rCold  . . .     Gourm    .     b - +0 scale mail
rNeg   + . .     Faith    .     c - +0 shield
rPois  ∞         Spirit   .     j - +0 helmet
rElec  +         Dismiss  .     (no cloak)
rCorr  .         Reflect  .     (no gloves)
MR     .....     Harm     .     (no boots)
Stlth  ..........               (no amulet)
                                (no ring)
                                (no ring)

@: no status effects
A: negative energy resistance 1, electricity resistance, unbreathing,
petrification resistance, rot immunity, AC +3
a: no special abilities


You were on level 2 of the Dungeon.
You were not hungry.

You visited 1 branch of the dungeon, and saw 2 of its levels.

You collected 45 gold pieces.

Inventory:

Hand Weapons
 a - a +0 flail (weapon)
Armour
 b - a +0 scale mail (worn)
 c - a +0 shield (worn)
 j - a +0 helmet (worn)
Scrolls
 e - 2 scrolls of identify {unknown}
 h - a scroll of amnesia {unknown}
 l - a scroll of fog {unknown}
 m - a scroll of teleportation {unknown}
 n - a scroll of remove curse {unknown}
Potions
 d - a potion of might
 i - a potion of flight {unknown}
 k - a potion of magic {unknown}
Comestibles
 f - a bread ration
 g - a meat ration


   Skills:
 - Level 3.2 Fighting
 + Level 4.2 Maces & Flails
 - Level 3.2 Armour
 - Level 3.2 Shields


You had 3 spell levels left.
You didn't know any spells.

Dungeon Overview and Level Annotations

Branches:
Dungeon (2/15)

Altars:

Annotations:
D:2 Natasha, Sigmund


Innate Abilities, Weirdness & Mutations

You are resistant to torment.
Your stone body is resilient. (AC +3)
You are immune to poison.
You resist negative energy. (rN+)
You are resistant to electric shocks. (rElec)
You can survive without breathing.
You are immune to petrification.
You are immune to rotting.


Message History

You closely miss the crimson imp.
Sigmund appears from thin air!
Reactivating autopickup.
You block the crimson imp's attack. You block Sigmund's attack.
Your shield prevents you from hitting the crimson imp.
The crimson imp blinks!
Sigmund barely misses you.
You hit the crimson imp but do no damage.
The crimson imp disappears in a puff of smoke!
The white imp hits you.
* * * LOW HITPOINT WARNING * * *
The white imp freezes you.
* * * LOW HITPOINT WARNING * * *
You are too injured to fight recklessly!
You are too injured to fight recklessly!
You are too injured to fight recklessly!
You are too injured to fight recklessly!
You are too injured to fight recklessly!
You are too injured to fight recklessly!
The white imp gestures at you. The puff of frost hits you!
You die...

........#...##...##...#
......#.#.######....#...
##.###..#.# ####.#.##
..)##..##.#### # #
.##...###....###
.#..####.......#
...####......#.### #.##
#..#....#...# ..#
#.#########@## ..## #.#
#..# ...###.######
##5@..... ..............
....... .#..##########
#...... .#..... ......
.##.###.# #.#### #...#
.# ..### .#


You could see Sigmund and a white imp.

Vanquished Creatures
  An adder (D:2)
  A worm (D:2)
  A dart slug (D:1)
  2 leopard geckos (D:2)
  2 giant cockroaches
  6 goblins
  4 hobgoblins
  8 jackals (D:1)
  6 bats
  3 frilled lizards
  6 kobolds
  6 rats
46 creatures vanquished.

Notes
Turn   | Place    | Note
-------+----------+-------------------------------------------
     0 | D:1      | dobroeutro the Gargoyle Fighter began the quest for the Orb.
     0 | D:1      | Reached XP level 1. HP: 14/14 MP: 1/1
   143 | D:1      | Reached XP level 2. HP: 16/19 MP: 2/2
   348 | D:1      | Reached skill level 3 in Maces & Flails
   446 | D:1      | Reached XP level 3. HP: 18/23 MP: 3/3
  1004 | D:2      | Reached skill level 4 in Maces & Flails
  1071 | D:2      | Reached XP level 4. HP: 22/28 MP: 4/4
  1179 | D:2      | Noticed Sigmund
  1180 | D:2      | Noticed Natasha
  1202 | D:2      | Killed from afar by a white imp

Vault maps used:
D:1:      sevenhm_arrival_forest_fort_large_4, minmay_pentomino_t2
D:2:      uniq_sigmund, uniq_natasha, uniq_crazy_yiuf_cottage

Skill      XL: |  1  2  3 |
---------------+----------+-----
Maces & Flails | 3 4 |  4.2
Fighting       | |  3.2
Armour         | |  3.2
Shields        | |  3.2

Action                   |  1- 3 |  4- 6 || total
-------------------------+-------+-------++-------
Melee: Flail             |   164 |    26 ||   190
  Eat: Chunk             |     1 |       ||     1
Armor: Scale mail        |   115 |    18 ||   133
Dodge: Dodged            |    53 |    12 ||    65
Block: Shield            |   106 |    17 ||   123
